[Event "*** Titled Tuesday 3|2 Blitz"]
[Site "Chess.com"]
[Date "2016.02.02"]
[Round "3"]
[White "yurisolo"]
[Black "gmjoey1"]
[Result "1-0"]
[WhiteElo "2466"]
[BlackElo "2452"]
[TimeControl "180+2"]
[EndTime "17:35:41 PST"]
[Termination "yurisolo won on time"]

1. e4 c6 2. Nc3 d5 3. Nf3 dxe4 4. Nxe4 Nf6 5. Nxf6+ exf6 6. Bc4 Bd6 7. O-O O-O 8.
h3 Bf5 9. Re1 Nd7 10. Nh4 Bg6 11.
d4 Nb6 12. Bb3 Qc7 13. Qf3 Rae8 14. Bd2 c5 15. dxc5 Bxc5 16. Bf4 Qc6 17. Qxc6 bxc6 18.
Nxg6 hxg6 19. Rad1 Rxe1+ 20. Rxe1 Nd5 21. Bg3 g5 22.
Kf1 Rd8 23. c3 f5 24. Rd1 f4 25. Bh2 Bb6 26. c4 Nf6 27. Rxd8+ Bxd8 28. f3 Nh5 29. Bg1 Ng3+ 30. Ke1 Ba5+ 31. Kd1 Bb6 32. c5 Ba5 33. Ba4 Nf5 34. Ke2 Ne3 35. Bxe3 fxe3 36. Kxe3 Kf8 37. a3 Ke7 38. Bxc6 Bc7 39. Ke4 Bg3 40. Kd5 Be1 41. b4 Kd8 42. Ba4 Kc7 43. Bb3 f6 44. Ke6 Bc3 45. Kf5 Bb2 46. b5 Bxa3 47. c6 Kb6 48. Bc4 Bb2 49. Kg6 Kc7 50. Kxg7 Bc3 51. Kg6 Kd6 52. g3 Be5 53. h4 gxh4 54. gxh4 Ke7 55. h5 Kf8 56. h6 f5 57. h7 f4 58. c7 1-0

[Event "*** Titled Tuesday 3|2 Blitz"]
[Site "Chess.com"]
[Date "2016.02.02"]
[Round "3"]
[White "TheLancer"]
[Black "GianmarcoVaR"]
[Result "1-0"]
[WhiteElo "2457"]
[BlackElo "2234"]
[TimeControl "180+2"]
[EndTime "17:35:58 PST"]
[Termination "TheLancer won by resignation"]

1. e4 c6 2. d4 d5 3. Nc3 dxe4 4. Nxe4 Bf5 5. Ng3 Bg6 6. h4 h6 7. Nf3 Nd7 8. h5 Bh7 9. Bd3 Bxd3 10. Qxd3 e6 11. Bd2 Ngf6 12. O-O-O Be7 13. Ne4 Nxe4 14. Qxe4 Nf6 15. Qd3 a5 16. Kb1 a4 17. Rde1 a3 18.
b3 c5 19. g4 cxd4 20. Ne5 Nd7 21. Qb5 Bf6 22. Nd3 Qb6 23. Qxb6 Nxb6 24. f4 Be7 25. f5 exf5 26. Bb4 Nd5 27. Bc5 Kd8 28. Bxd4 fxg4 29.
Ne5 Rf8 30. Rhf1 Bf6 31. Rd1 Kc7 32. Nxg4 Nc3+ 33. Bxc3 Bxc3 34. Rf3 Bb2 35. c3 Rad8 36. Rdf1 f5 37. Ne5 Rd2 38. Nc4 Rh2 39. Rxf5 Rxf5 40. Rxf5 Bxc3 41. Nxa3 Rb2+ 42. Kc1 Kc6 43. Nb5 Rxa2 44.
Nxc3 Rg2 45. Ne4 Kd7 46. Rb5 Kc6 47. Rf5 b6 48. Rf2 Rg4 49. Re2 Kd5 50. Nc3+ Kd4 51. Kc2 Rh4 52. Rd2+ Kc5 53. Rd5+ Kc6 54. Rf5 Rh3 55. b4 Rg3 56. Kb3 g6 57. hxg6 Rxg6 58. b5+ Kd6 59. Kc4 Rg4+ 60. Kd3 Rg5 61. Ne4+ Ke6 62.
Rf6+ Ke7 63. Rxb6 Rd5+ 64. Kc4 Re5 65. Kd4 Rh5 66. Rb7+ Kd8 67. b6 Rb5 68. Nc5 h5 69.
Rd7+ Kc8 70. b7+ Kb8 71. Rd8+ Kc7 72. Rc8+ Kd6 73. b8=Q+ Rxb8 74. Rxb8 1-0

[Event "*** Titled Tuesday 3|2 Blitz"]
[Site "Chess.com"]
[Date "2016.02.02"]
[Round "3"]
[White "spectralsoul"]
[Black "DanielRensch"]
[Result "0-1"]
[WhiteElo "2543"]
[BlackElo "2330"]
[TimeControl "180+2"]
[EndTime "17:36:12 PST"]
[Termination "DanielRensch won by resignation"]

1. Nf3 Nf6 2. c4 e6 3. d4 c5 4. d5 b5 5. Nc3 b4 6. Na4 d6 7. Bg5 Be7 8. dxe6 fxe6 9. e3 O-O 10. b3 Bb7 11. Be2 Qe8 12. O-O Qg6 13. Bf4 Nh5 14. Bxd6 Rd8 15. Bxe7 Rxd1 16. Rfxd1 Na6 17. Nxc5 Nxc5 18.
Bxc5 a5 19. Rd7 Be4 20. Rad1 h6 21. Bd6 a4 22. Bxb4 axb3 23. axb3 Nf6 24. Rd8+ Rxd8 25.
Rxd8+ Kh7 26. Bc3 Bc6 27. Bd3 Be4 28. Be2 Bxf3 29. Bxf3 Qc2 30. Bxf6 gxf6 31. g3 f5 32. Rd7+ Kg6 33. Rb7 e5 34. Bd5 e4 35. Kg2 h5 36. h3 Qe2 37. Rb6+ Kg7 38. Rb7+ Kf6 39. Rb6+ Ke7 40. Re6+ Kd7 41. Rf6 Qf3+ 42. Kg1 Qd1+ 43. Kh2 h4 44. gxh4 Qxb3 45. Rxf5 Qc2 46. Rf4 Kd6 47. Kg2 Qe2 48. Rxe4 Qh5 49. Rg4 Kc5 50.
Bf3 Qh6 51. Rf4 Qg6+ 52. Kh2 Qd6 53. h5 Kb4 54. h4 Kc3 55. Kg2 Qe6 56. Bd5 Qd6 57.
Rg4 Kd2 58. Rg6 Qf8 59. Bf3 Ke1 60. h6 Qf7 61. h5 Qxc4 62. h7 Qf1+ 63. Kh2 Qxf2+ 64.
Bg2 Qh4+ 65. Bh3 Qxh5 66. Rg7 Qe5+ 67. Rg3 Kf2 0-1

[Event "*** Titled Tuesday 3|2 Blitz"]
[Site "Chess.com"]
[Date "2016.02.02"]
[Round "3"]
[White "dsanchez1973"]
[Black "chesstatour"]
[Result "0-1"]
[WhiteElo "1963"]
[BlackElo "1965"]
[TimeControl "180+2"]
[EndTime "17:36:20 PST"]
[Termination "chesstatour won by resignation"]

1. e4 c6 2. d4 d5 3. e5 Bf5 4. Nf3 e6 5. Be2 c5 6. O-O Nc6 7. c3 Nge7 8. Be3 Ng6 9. Re1 Be7 10. Nbd2 O-O 11. Nf1 cxd4 12. cxd4 Qb6 13. Ng3 Bg4 14. h3 Bxf3 15. Bxf3 Qxb2 16. Rb1 Qxa2 17. Rxb7 Rfb8 18. Rc7 Nb4 19. Bh5 Qa5 20. Rc1 Qb6 21. Rb1 a5 22.
Bxg6 hxg6 23. Qa4 Qb5 24. Qa3 Rb7 25. Bd2 Rab8 26. Qc3 Qc4 27. Ne2 Qxc3 28. Nxc3 Rc8 29. Na4 Rc2 30. Bxb4 Rxb4 31. Ra1 Rxd4 32. Nb6 Bb4 33.
Rf1 Rdd2 34. Nd7 Ra2 35. Rac1 Rdc2 36. Rb1 Rab2 37. Ra1 d4 38. Nb8 d3 39. Na6 Bc3 40.
Rad1 d2 41. Nc5 Bb4 42. Ne4 a4 43. Ra1 a3 44. Rfd1 a2 45. Kf1 Be7 46. Ke2 f6 47. exf6 Bxf6 48. Nxf6+ gxf6 49. f3 e5 50. Kd3 Kf7 51. Ke2 Ke6 52. Kd3 Kd5 53. g4 f5 54. h4 e4+ 55. fxe4+ fxe4+ 56. Ke3 Rb3+ 57. Ke2 e3 58. h5 gxh5 59. gxh5 Rb4 60. Rh1 Rb3 61.
h6 Rb1 62. Rhxb1 axb1=Q 63. Rxb1 Rc1 64. h7 d1=Q+ 65. Kxe3 Qe1+ 66. Kd3 Qe4+ 67. Kd2 Qxb1 68. h8=Q Rd1+ 69. Ke2 Qc2+ 70. Kf3 Rd3+ 71. Kg4 Qg2+ 72. Kf5 Qf3+ 73. Kg6 Qg3+ 74. Kf7 Qf4+ 75. Ke8 Re3+ 76. Kd8 Qb8+ 77. Kd7 Re7+ 0-1

[Event "*** Titled Tuesday 3|2 Blitz"]
[Site "Chess.com"]
[Date "2016.02.02"]
[Round "4"]
[White "Er_is_geen_hoop_meer"]
[Black "chessking2151"]
[Result "0-1"]
[WhiteElo "2286"]
[BlackElo "2250"]
[TimeControl "180+2"]
[EndTime "17:42:01 PST"]
[Termination "chessking2151 won by resignation"]

1. d4 Nf6 2. c4 e6 3. Nc3 d5 4.
cxd5 exd5 5. Bg5 Be7 6. Qc2 O-O 7. e3 c6 8. Bd3 Nbd7 9. Nge2 Re8 10. O-O Nf8 11.
Rae1 g6 12. f3 Nh5 13. Bxe7 Qxe7 14. e4 Be6 15. Kh1 Qd7 16. b4 a6 17. Na4 Qd6 18. Qc5 Qc7 19. Nb6 Rad8 20. a4 Nf6 21. b5 axb5 22.
axb5 N8d7 23. Nxd7 Nxd7 24. Qc2 Rc8 25. Rc1 Qd6 26.
bxc6 bxc6 27. e5 Qe7 28. f4 f5 29. exf6 Nxf6 30. f5 gxf5 31. Bxf5 Kh8 32. Nf4 Bxf5 33. Qxf5 Rg8 34. Rce1 Qg7 35. Re2 Qg5 36. Qh3 Rce8 37. Ne6 Qg6 38. Re5 Ng4 39. Nf4 Nf2+ 0-1

[Event "*** Titled Tuesday 3|2 Blitz"]
[Site "Chess.com"]
[Date "2016.02.02"]
[Round "4"]
[White "SenseiJulio"]
[Black "ethylalcohol"]
[Result "1-0"]
[WhiteElo "2504"]
[BlackElo "1738"]
[TimeControl "180+2"]
[EndTime "17:42:31 PST"]
[Termination "SenseiJulio won on time"]

1. e4 e5 2. Nf3 Nc6 3. g3 Nf6 4. d3 d5 5. exd5 Nxd5 6. Bg2 Bg4 7. h3 Bh5 8. O-O Be7 9. Re1 f6 10. g4 Bf7 11. d4 exd4 12. Nxd4 Nxd4 13. Qxd4 O-O 14.
c3 c6 15. Nd2 Re8 16. Nf3 Qc7 17. Bd2 Rad8 18. Qxa7 Nb6 19. Bf4 Qxf4 20. Qxb6 Rd3 21. Qxb7 Rxf3 22. Rxe7 1-0

[Event "*** Titled Tuesday 3|2 Blitz"]
[Site "Chess.com"]
[Date "2016.02.02"]
[Round "4"]
[White "lionheart95"]
[Black "TheMagician"]
[Result "1/2-1/2"]
[WhiteElo "2273"]
[BlackElo "2128"]
[TimeControl "180+2"]
[EndTime "17:42:48 PST"]
[Termination "Game drawn by repetition"]

1. e4 e5 2. Nf3 Nc6 3. Bb5 Nge7 4. c3 d6 5. O-O g6 6. d4 Bd7 7. Nbd2 Bg7 8. dxe5 Nxe5 9. Bxd7+ Nxd7 10. Qe2 O-O 11.
Nc4 Nc6 12. Bg5 f6 13. Bh4 Nce5 14. Nfxe5 Nxe5 15. Nxe5 dxe5 16. Rfd1 Qe7 17. f3 Qf7 18. Qb5 c6 19. Qb3 Bh6 20. Rd7 Qxb3 21. axb3 Rf7 22. Rxf7 Be3+ 23. Bf2 Bxf2+ 24. Kxf2 Kxf7 25. b4 a6 26.
Ke3 Rd8 27. h4 Ke6 28. g4 Rd7 29. Rg1 h6 30. Rg2 Rd1 31. Rd2 Rxd2 32. Kxd2 g5 33.
hxg5 fxg5 34. Kd3 b5 35. c4 Kf6 36. c5 Kg6 37. Ke3 h5 38. Kf2 h4 39. Kg2 Kf6 40. Kh2 Ke6 41. Kg2 Ke7 42. Kh2 Kf6 43. Kg2 Ke6 44. Kh2 Kf6 45. Kg2 Ke6 46. Kh2 Kf6 47. Kg2 Ke6 48. Kh2 Kf6 49. Kg2 1/2-1/2

[Event "*** Titled Tuesday 3|2 Blitz"]
[Site "Chess.com"]
[Date "2016.02.02"]
[Round "4"]
[White "ruifeng"]
[Black "DeviatkinAndrey"]
[Result "1/2-1/2"]
[WhiteElo "2297"]
[BlackElo "2458"]
[TimeControl "180+2"]
[EndTime "17:43:02 PST"]
[Termination "Game drawn by repetition"]

1. e4 c6 2. d4 d5 3. Nd2 h6 4. Ngf3 dxe4 5. Nxe4 Bf5 6. Bd3 e6 7. O-O Bxe4 8. Bxe4 Nf6 9. Bd3 Bd6 10. c3 Nbd7 11. Re1 Qc7 12. b4 a5 13. b5 O-O 14. bxc6 bxc6 15. Qe2 c5 16. Ne5 cxd4 17. cxd4 Nd5 18. Bxh6 gxh6 19. Qg4+ Kh8 20. Qh4 Kg7 21. Qg4+ Kh8 22.
Qh4 Kg7 23. Qg3+ Kh8 24. Qh3 Kg7 25. Qg4+ Kh8 26. Qh4 Kg7 27. Qg4+ Kh8 28. Qh5 Kg7 29.
Qg4+ Kh8 1/2-1/2

[Event "*** Titled Tuesday 3|2 Blitz"]
[Site "Chess.com"]
[Date "2016.02.02"]
[Round "4"]
[White "ZEN-22"]
[Black "Dr-Bassem"]
[Result "0-1"]
[WhiteElo "2365"]
[BlackElo "2473"]
[TimeControl "180+2"]
[EndTime "17:43:06 PST"]
[Termination "Dr-Bassem won by resignation"]

1. d3 e5 2. g3 d5 3. Bg2 Nf6 4. Nf3 Bd6 5. c4 c6 6. O-O O-O 7. Nc3 d4 8. Na4 h6 9. e3 dxe3 10. Bxe3 Na6 11. h3 Bf5 12. d4 e4 13. Ne5 Re8 14.
f4 exf3 15. Rxf3 Be4 16. Rxf6 Qxf6 17. Bxe4 Bxe5 18. Kg2 Rad8 19. Qg4 Bxd4 20. Rf1 Qe6 21. Qxe6 Rxe6 22. Bxd4 Rxd4 23. Bf5 Rf6 24. b3 g6 25. g4 gxf5 26. Rf2 f4 27. Nc3 f3+ 28. Kg3 Nc5 29.
Rf1 Ne4+ 30. Nxe4 Rxe4 31. Rf2 Re2 0-1

[Event "*** Titled Tuesday 3|2 Blitz"]
[Site "Chess.com"]
[Date "2016.02.02"]
[Round "4"]
[White "Zkid"]
[Black "GMHess"]
[Result "1/2-1/2"]
[WhiteElo "2463"]
[BlackElo "2491"]
[TimeControl "180+2"]
[EndTime "17:43:15 PST"]
[Termination "Game drawn by repetition"]

1. e4 c5 2. Nf3 e6 3. d4 cxd4 4. Nxd4 a6 5. Nc3 Qc7 6. Bd3 b5 7. f4 Bb7 8. Qe2 Nc6 9. Be3 Nf6 10. e5 Nxd4 11. Bxd4 Nd5 12. Nxd5 Bxd5 13. O-O Bc5 14.
Bxc5 Qxc5+ 15. Kh1 O-O 16. f5 exf5 17. Rxf5 g6 18.
Rf6 Rae8 19. Re1 Re6 20. Rxe6 fxe6 21. Rf1 Rxf1+ 22. Qxf1 Qe3 23. Qf6 Qe1+ 24. Bf1 Bc4 25. Qd8+ Kg7 26. Qf6+ Kg8 27. Qd8+ Kg7 28. Qe7+ Kg8 29.
Qd8+ Kg7 1/2-1/2

[Event "*** Titled Tuesday 3|2 Blitz"]
[Site "Chess.com"]
[Date "2016.02.02"]
[Round "4"]
[White "Hikaru"]
[Black "Yaacovn"]
[Result "1-0"]
[WhiteElo "2835"]
[BlackElo "2561"]
[TimeControl "180+2"]
[EndTime "17:43:20 PST"]
[Termination "Hikaru won by resignation"]

1. e4 c6 2. d4 d5 3. Nc3 dxe4 4. Nxe4 Nf6 5. Nxf6+ gxf6 6. Nf3 Bg4 7. Be2 Nd7 8.
O-O e6 9. Ne1 Bf5 10. Bd3 Bg6 11. c3 Qc7 12. g3 O-O-O 13. Ng2 Nb6 14. Qf3 Nd5 15. Bc4 Be7 16. Bh6 Rhg8 17. Rfe1 f5 18.
Bxd5 cxd5 19. h4 f4 20. Bxf4 Qb6 21. c4 Be4 22. Qh5 Bg6 23. Qe2 Qxd4 24. Rac1 Bd6 25. cxd5+ Kb8 26. Rcd1 Qf6 27. dxe6 Bxf4 28. Rxd8+ Rxd8 29. e7 Re8 30. Nxf4 Bf5 31. Nh5 Qg6 32. Qe5+ Ka8 33. Ng7 1-0

[Event "*** Titled Tuesday 3|2 Blitz"]
[Site "Chess.com"]
[Date "2016.02.02"]
[Round "4"]
[White "Quiet_Desperation"]
[Black "Recombinant"]
[Result "0-1"]
[WhiteElo "2114"]
[BlackElo "2228"]
[TimeControl "180+2"]
[EndTime "17:43:25 PST"]
[Termination "Recombinant won by resignation"]

1. e4 c5 2. Nf3 d6 3. d4 cxd4 4. Nxd4 Nf6 5. Nc3 g6 6. Be3 Bg7 7. f3 O-O 8. Qd2 Nc6 9. Bc4 Bd7 10. O-O-O Qc7 11. Bb3 Rfc8 12. h4 Na5 13. Kb1 Nc4 14. Bxc4 Qxc4 15. h5 b5 16. hxg6 fxg6 17. Bh6 Bh8 18. g4 b4 19. Nce2 a5 20. g5 Nh5 21.
Rdg1 Be8 22. f4 a4 23. Rxh5 gxh5 24. Nf5 Ra7 25. Neg3 b3 26. cxb3 axb3 27. axb3 Qa6 28.
Qd5+ Bf7 29. Nxe7+ Rxe7 30. Nf5 Ra7 0-1

[Event "*** Titled Tuesday 3|2 Blitz"]
[Site "Chess.com"]
[Date "2016.02.02"]
[Round "4"]
[White "dretch"]
[Black "tigra"]
[Result "1-0"]
[WhiteElo "2466"]
[BlackElo "2401"]
[TimeControl "180+2"]
[EndTime "17:43:29 PST"]
[Termination "dretch won on time"]

1. d4 e6 2. c4 b6 3. e4 Bb7 4.
Bd3 Nc6 5. Nf3 Nb4 6. O-O Ne7 7.
Nc3 Nxd3 8. Qxd3 h6 9. Re1 g5 10. h4 g4 11. Nh2 Rg8 12. h5 d6 13. Qg3 f5 14. exf5 Nxf5 15. Qf4 Qf6 16. Nxg4 Qf7 17. d5 O-O-O 18. Rxe6 Rg5 19. Ne4 Rxh5 20. Ngf6 Nd4 21. Qg4 Rf5 22. Ng3 c5 23. Nxf5 Nxe6 24. Nh5 Kb8 25.
dxe6 Qxe6 26. Bf4 Re8 27. Rd1 Ka8 28. Ne3 Qe4 29. Nf6 1-0

[Event "*** Titled Tuesday 3|2 Blitz"]
[Site "Chess.com"]
[Date "2016.02.02"]
[Round "4"]
[White "Dlugy"]
[Black "Ar4uha"]
[Result "1-0"]
[WhiteElo "2564"]
[BlackElo "2394"]
[TimeControl "180+2"]
[EndTime "17:43:30 PST"]
[Termination "Dlugy won by resignation"]

1. d4 Nf6 2. Bf4 d5 3. e3 g6 4. Nf3 c5 5. c3 Bg7 6. dxc5 O-O 7. Nbd2 Nfd7 8. Nb3 e5 9. Bg5 f6 10. Qxd5+ Kh8 11. Bh4 Nc6 12. O-O-O Qe8 13. Bb5 a6 14. Bxc6 bxc6 15. Qxc6 Rb8 16. Qd6 Rb5 17. c6 Nb6 18. c7 Be6 19. Nc5 Bxa2 20. Nd7 Nc4 21. Nxf6 Qa8 22.
Qxf8+ Bxf8 23. Rd8 Rxb2 24. Rxa8 Rb1+ 25. Kc2 Rb2+ 26.
Kd3 Nd6 27. Rxf8+ Kg7 28. Ne8+ Kxf8 29. Nxd6 1-0

[Event "*** Titled Tuesday 3|2 Blitz"]
[Site "Chess.com"]
[Date "2016.02.02"]
[Round "4"]
[White "DanielRensch"]
[Black "Konavets"]
[Result "1-0"]
[WhiteElo "2342"]
[BlackElo "2513"]
[TimeControl "180+2"]
[EndTime "17:43:40 PST"]
[Termination "DanielRensch won by resignation"]

1. d4 Nf6 2. Nc3 c5 3. Bg5 cxd4 4. Qxd4 Nc6 5. Qh4 e6 6. e4 Be7 7. f4 Qb6 8. O-O-O d6 9. Nf3 a6 10. e5 dxe5 11. fxe5 Nd7 12. Ne4 Qb4 13. Bxe7 Qxe7 14. Nd6+ Kf8 15. Qf4 Nb6 16. Bc4 Nxc4 17. Qxc4 Bd7 18.
Nxb7 Be8 19. Nd6 Nxe5 20. Nxe5 Qg5+ 21. Kb1 Qxe5 22. Qb4 a5 23. Qb7 Rd8 24. Qc7 Rd7 25. Qb8 Re7 26. Rhf1 f5 27. g4 g6 28. Rde1 Qxh2 29. gxf5 gxf5 30. Qd8 f4 31. Nxe8 Qh4 32. Nd6+ Kg7 33. Nf5+ Kg6 34. Nxh4+ 1-0

[Event "*** Titled Tuesday 3|2 Blitz"]
[Site "Chess.com"]
[Date "2016.02.02"]
[Round "4"]
[White "Assasin14"]
[Black "kharposh"]
[Result "0-1"]
[WhiteElo "2001"]
[BlackElo "2053"]
[TimeControl "180+2"]
[EndTime "17:44:18 PST"]
[Termination "kharposh won on time"]

1. e4 e5 2. Nf3 Nc6 3. Bb5 Nf6 4. Qe2 Bc5 5. d3 O-O 6. Bxc6 bxc6 7. Nxe5 Re8 8. Nf3 d5 9. e5 Bg4 10. Bf4 Bd4 11.
c3 Bxf3 12. gxf3 Bxe5 13. Bxe5 Nd7 14. f4 f6 15. d4 fxe5 16. fxe5 c5 17. Nd2 cxd4 18.
cxd4 c5 19. f4 cxd4 20. O-O-O Nc5 21. Kb1 Rb8 22. Ka1 Qa5 23. Rhg1 Re7 24. Nf3 d3 25. Qg2 Na4 26. Rd2 Nc3 27. a3 Reb7 28. Rdd1 Nxd1 29. Rxd1 Rb3 0-1

[Event "*** Titled Tuesday 3|2 Blitz"]
[Site "Chess.com"]
[Date "2016.02.02"]
[Round "4"]
[White "Anton_Demchenko"]
[Black "JusticeBot"]
[Result "1-0"]
[WhiteElo "2620"]
[BlackElo "2427"]
[TimeControl "180+2"]
[EndTime "17:44:35 PST"]
[Termination "Anton_Demchenko won by resignation"]

1. e4 e5 2. Nf3 Nc6 3. Bc4 Nf6 4. d3 Bc5 5. c3 a6 6. O-O Ba7 7. Bg5 h6 8. Bh4 g5 9. Bg3 d6 10. Nbd2 Na5 11. Bd5 c6 12. Bxf7+ Kxf7 13. b4 Rf8 14. bxa5 Qxa5 15. d4 Qxc3 16. Rc1 Qd3 17. dxe5 Nxe4 18.
exd6 Kg7 19. Nxe4 Qxe4 20. d7 Bxd7 21. Qxd7+ Rf7 22. Be5+ Kg8 23. Qe6 Qf5 24. Qxh6 Rh7 25. Qxg5+ Qxg5 26. Nxg5 Rh5 27. Nf3 Rf8 28. Bg3 Ra5 29.
Rc2 Rd8 30. h4 Rd7 31. Re1 Kh7 32. Rce2 Rad5 33. Kh2 Kh8 34. Kh3 Bb6 35. Ng5 Ba5 36.
Re8+ Kg7 37. R1e7+ Kf6 38. Re6+ Kg7 39. Be5+ Rxe5 40.
Rxe5 Bb4 41. Re4 Ba3 42. Rg4 Kf6 43. Ne4+ Kf7 44. Rb8 b5 45. h5 Rd5 46. h6 Be7 47. Rg7+ Ke6 48. Re8 Rh5+ 49. Kg4 Rh4+ 50. Kf3 Rxh6 51.
Rexe7+ Kd5 52. Rd7+ Kc4 53. Rd6 1-0

[Event "*** Titled Tuesday 3|2 Blitz"]
[Site "Chess.com"]
[Date "2016.02.02"]
[Round "4"]
[White "GM_Huschenbeth"]
[Black "vellottiwizard"]
[Result "0-1"]
[WhiteElo "2255"]
[BlackElo "2454"]
[TimeControl "180+2"]
[EndTime "17:44:40 PST"]
[Termination "vellottiwizard won by resignation"]

1. e4 e6 2. d4 d5 3. Nd2 Nc6 4. Ngf3 Nf6 5. e5 Nd7 6. c4 dxc4 7. Nxc4 Nb6 8. a3 Be7 9. Bd3 O-O 10. O-O f5 11.
exf6 Bxf6 12. Be3 Nd5 13. Qc2 h6 14. Nce5 Bd7 15. Bh7+ Kh8 16. Ng6+ Kxh7 17. Nxf8+ Kg8 18. Ng6 Be8 19. Rfe1 Qd6 20. Nge5 Bh5 21. Nxc6 bxc6 22. Ne5 Bxe5 23. dxe5 Qxe5 24. Bxh6 Qf6 25. Be3 Rf8 26. Bc5 Rf7 27. Qe4 Nf4 28. Bxa7 Bg6 29. Qe5 Qh4 30.
Qe3 c5 31. Bxc5 Qg5 32. g3 Nh3+ 33. Kg2 Nf4+ 34. Kf1 Bd3+ 35. Kg1 Nh3+ 36. Kg2 Rxf2+ 37. Kh1 Qd5+ 0-1

[Event "*** Titled Tuesday 3|2 Blitz"]
[Site "Chess.com"]
[Date "2016.02.02"]
[Round "4"]
[White "Kanthecarowin"]
[Black "HustleStandard"]
[Result "0-1"]
[WhiteElo "2159"]
[BlackElo "2380"]
[TimeControl "180+2"]
[EndTime "17:45:00 PST"]
[Termination "HustleStandard won by resignation"]

1. d4 Nf6 2. c4 g6 3. Nc3 Bg7 4.
e4 O-O 5. Be2 d6 6. Nf3 c5 7. Be3 Ng4 8. Bc1 Nc6 9. d5 Na5 10. h3 Nf6 11. Be3 a6 12. a4 e5 13.
Nd2 Ne8 14. O-O f5 15. f4 b6 16. Nf3 exf4 17. Bxf4 Bxc3 18. bxc3 fxe4 19. Ng5 Rxf4 20.
Rxf4 Qxg5 21. Qd2 Qe7 22. Raf1 e3 23. Qd1 Ng7 24. g4 Bd7 25. R1f3 g5 26. Rf6 Ne8 27. Rf8+ Qxf8 28. Rxf8+ Kxf8 29. Qd3 Nf6 30. Qxe3 h6 31. h4 Re8 32. Qd2 Bxg4 33. Bxg4 Nxg4 34. hxg5 hxg5 35. Qxg5 Ne5 36. Qf6+ Nf7 37. Qh4 Re5 38. Qg4 Rg5 0-1

[Event "*** Titled Tuesday 3|2 Blitz"]
[Site "Chess.com"]
[Date "2016.02.02"]
[Round "4"]
[White "AndreyOstrovskiy"]
[Black "pKiLz5Rn9b"]
[Result "0-1"]
[WhiteElo "2460"]
[BlackElo "2356"]
[TimeControl "180+2"]
[EndTime "17:45:10 PST"]
[Termination "pKiLz5Rn9b won by resignation"]

1. e4 e6 2. d4 d5 3. Nc3 Nf6 4. e5 Nfd7 5. f4 c5 6. Nf3 Nc6 7. Be3 a6 8. Qd2 b5 9. a3 Qb6 10. Ne2 a5 11. dxc5 Bxc5 12. Ned4 Nxd4 13. Nxd4 O-O 14. Bd3 f6 15. exf6 Nxf6 16. h3 Bd7 17.
c3 b4 18. a4 Rae8 19. O-O Qd6 20. Nb5 Bxe3+ 21. Qxe3 Qb8 22. cxb4 axb4 23. Qd4 e5 24. fxe5 Rxe5 25. Rae1 Rg5 26. Qe3 Rg3 27. Qe5 Qxe5 28. Rxe5 Rxd3 29. Re7 Bxb5 30. axb5 Rb8 31. Rc1 h6 32.
Rcc7 Rg3 33. Kh2 Rg6 34. Rb7 Rxb7 35. Rxb7 d4 36. Rb8+ Kh7 37. Rd8 Rg5 38. b6 Rb5 39. Rd6 Kg6 40. Kg3 Kf7 41. Kf3 Ke7 42. Rc6 Nd7 43. Rg6 Ne5+ 0-1

[Event "*** Titled Tuesday 3|2 Blitz"]
[Site "Chess.com"]
[Date "2016.02.02"]
[Round "4"]
[White "Gabrielian_Artur"]
[Black "TheLancer"]
[Result "1-0"]
[WhiteElo "2469"]
[BlackElo "2449"]
[TimeControl "180+2"]
[EndTime "17:45:22 PST"]
[Termination "Gabrielian_Artur won by resignation"]

1. e4 c5 2. Nf3 g6 3. d4 cxd4 4. Nxd4 Bg7 5. Nc3 Nc6 6. Be3 Nf6 7. Bc4 O-O 8. Bb3 a5 9. O-O Nxd4 10. Bxd4 d6 11. a4 Bd7 12. h3 Bc6 13. Re1 Nd7 14.
Bxg7 Kxg7 15. Qd4+ f6 16. Rad1 Qb6 17. Bd5 Qxd4 18.
Rxd4 Rfc8 19. Be6 Rd8 20. Bxd7 Bxd7 21. Nd5 Kf7 22. b3 Be6 23. c4 Bxd5 24. exd5 b6 25. g4 Ra7 26. Kg2 Rh8 27. Kg3 h5 28. f3 hxg4 29. hxg4 g5 30. Rdd1 Raa8 31. Rh1 Kg6 32. Rxh8 Rxh8 33. Rb1 Rc8 34. Kf2 Rh8 35. b4 Rh2+ 36. Ke3 Ra2 37. bxa5 bxa5 38. Rb7 Rxa4 39. Rxe7 Rxc4 40. Rd7 Rc3+ 41. Ke4 Rc4+ 42. Ke3 Rc3+ 43.
Ke2 a4 44. Rxd6 a3 45. Ra6 Kf7 46. Ra7+ Ke8 47. d6 Rc2+ 48. Kd3 Ra2 49. Ke4 Rd2 50. Kf5 Rxd6 51. Rxa3 Kf7 52. Ra7+ Kf8 53. Kg6 Kg8 54. Ra8+ 1-0

[Event "*** Titled Tuesday 3|2 Blitz"]
[Site "Chess.com"]
[Date "2016.02.02"]
[Round "4"]
[White "yurisolo"]
[Black "Mornar1951"]
[Result "1-0"]
[WhiteElo "2480"]
[BlackElo "2603"]
[TimeControl "180+2"]
[EndTime "17:45:27 PST"]
[Termination "yurisolo won by resignation"]

1. e4 e6 2. d4 d5 3. Nc3 Nf6 4. e5 Nfd7 5. f4 c5 6. Nf3 Nc6 7. Be3 Be7 8. Be2 O-O 9. O-O b6 10. Qd2 f5 11. exf6 Nxf6 12. Bb5 Bb7 13. Bxc6 Bxc6 14. Ne5 Rc8 15. Rad1 Be8 16. h3 Nd7 17. Nxd7 Qxd7 18. Ne2 Bg6 19. c3 c4 20. Rf2 b5 21.
a3 a5 22. g4 Bh4 23. Rh2 Rb8 24. Bf2 Be7 25. Bg3 b4 26. f5 exf5 27. Bxb8 Rxb8 28. axb4 axb4 29. Nf4 Bf7 30. gxf5 Qxf5 31. Rf1 bxc3 32. bxc3 Bh4 33. Rg2 Rb1 34. Rxb1 Qxb1+ 35. Kh2 Qf5 36. Qe3 Bf6 37. Qg3 h6 38. Qg4 Qxg4 39. hxg4 Bg5 40. Kg3 Be7 41. Ra2 g5 42. Ng2 Bd6+ 43. Kf2 Kf8 44.
Ne3 Bf4 45. Nf5 h5 46. Ra8+ Be8 47. gxh5 Kf7 48. h6 Kg6 49. Rxe8 1-0

[Event "*** Titled Tuesday 3|2 Blitz"]
[Site "Chess.com"]
[Date "2016.02.02"]
[Round "4"]
[White "Po6Don"]
[Black "davidarenas1224"]
[Result "0-1"]
[WhiteElo "2084"]
[BlackElo "2118"]
[TimeControl "180+2"]
[EndTime "17:45:36 PST"]
[Termination "davidarenas1224 won by checkmate"]

1. e4 c5 2. c3 d5 3. exd5 Qxd5 4.
d4 g6 5. Nf3 Bg7 6. c4 Qe4+ 7.
Be3 Nc6 8. Nc3 Qg4 9. Nb5 Qd7 10. Bf4 e5 11. dxe5 Kf8 12. e6 Qxd1+ 13. Rxd1 Bxe6 14. Bd6+ Nge7 15. Be2 Bxb2 16. O-O Kg7 17. Ng5 Bf5 18. Rfe1 Bf6 19. h4 h6 20. Nf3 b6 21. Bd3 Rad8 22. Be4 Bxe4 23. Rxe4 Nf5 24. g4 Nxh4 25. Nxh4 Bxh4 26. Ree1 a6 27. Nc7 Nd4 28. Kg2 Bf6 29. Bg3 b5 30. cxb5 axb5 31. Nd5 Rxd5 32. a4 bxa4 33.
f4 Ra8 34. f5 gxf5 35. Kh3 fxg4+ 36. Kxg4 a3 37. Ra1 a2 38. Bf4 Nc2 39. Rg1 Nxa1 40.
Kf3+ Bg5 41. Ke4 Rd4+ 42. Kf5 Rxf4+ 43. Ke5 Nb3 44. Kd5 a1=Q 45. Kc6 Qa6+ 46. Kd5 Rd8+ 47. Ke5 Qe6# 0-1

[Event "*** Titled Tuesday 3|2 Blitz"]
[Site "Chess.com"]
[Date "2016.02.02"]
[Round "4"]
[White "chesstatour"]
[Black "brauliocuarta"]
[Result "0-1"]
[WhiteElo "1957"]
[BlackElo "1969"]
[TimeControl "180+2"]
[EndTime "17:46:08 PST"]
[Termination "brauliocuarta won by resignation"]

1. c4 Nf6 2. Nc3 c5 3. Nf3 b6 4. d4 cxd4 5. Nxd4 Bb7 6. Bg5 Ne4 7. Nxe4 Bxe4 8. f3 Bb7 9. e4 h6 10. Bh4 g5 11. Bg3 Bg7 12. Be2 Nc6 13. Nb5 d6 14.
O-O Bxb2 15. Rb1 Bg7 16. Bxd6 exd6 17. Nxd6+ Kf8 18. Nxb7 Bd4+ 19. Kh1 Qc7 20. c5 Qxb7 21. cxb6 axb6 22. Bb5 Rd8 23. Qa4 Na7 24. Ba6 Qe7 25. Rbd1 Qe5 26. Be2 Nc8 27. Qa3+ Kg7 28. g3 Ne7 29.
Qb3 Ng6 30. Qc2 h5 31. Qc1 h4 32. f4 gxf4 33. gxf4 Qxe4+ 34. Bf3 Qxf4 35. Qc2 Qg5 36. Rd2 Be5 37. Rg2 Qf4 38. Be2 Qd4 39. Qf5 Qd7 40.
Qe4 Qd5 41. Qf5 Rh6 42. Bh5 h3 43. Rg1 hxg2+ 44. Rxg2 Kh7 45. Bg4 Kh8 46. h3 Nf4 47. Bf3 Qxf3 48. Qxe5+ f6 49. Qxf6+ Rxf6 0-1